 Dungeon Crawl Stone Soup version 0.30-a0-169-g06f667207d (webtiles) character file.

Game seed: 9385188960477798207

191318 qw the Warrior (level 18, -5/123 HPs)
             Began as a Gargoyle Fighter on Sept 30, 2022.
             Was an Elder of Okawaru.
             Slain by a five-headed hydra simulacrum (30 damage)
             ... on level 4 of the Swamp.
             The game lasted 00:14:57 (29192 turns).

qw the Warrior (Gargoyle Fighter)                  Turns: 29192, Time: 00:14:58

Health: -5/123     AC: 55    Str: 28    XL:     18   Next: 64%
Magic:  21/25      EV: 16    Int: 12    God:    Okawaru [****..]
Gold:   1002       SH: 22    Dex: 21    Spells: 17/17 levels left

rFire   + + .      SeeInvis +    l - +9 hand axe of the Wraith {vamp, rF- Str+3 Dex+4}
rCold   . . .      Faith    .    D - +0 kite shield {reflect}
rNeg    + . .      Spirit   .    k - +3 plate armour of Melancholy {Contam +Blink rElec Slay+5}
rPois   inf        Reflect  +    b - +2 helmet
rElec   +          Harm     .    A - +2 cloak
rCorr   .          Rampage  +    e - +2 pair of gloves "Azacois" {rF+++ Dex+8 Stlth-}
Will    ++...                    B - +2 pair of boots {rampage}
Stlth   ..........               v - amulet of reflection
HPRegen 0.30/turn                c - +4 ring of protection
MPRegen 0.19/turn                i - +4 ring of slaying {mikee}

@: heroic, finesse-ful, flying
A: sickness immunity, AC +13, big wings, negative energy resistance 1,
electricity resistance, torment resistance 1, petrification resistance, see
invisible, strong-willed 1
a: Renounce Religion, Evoke Blink, Heroism, Finesse


You were on level 4 of the Swamp.
You worshipped Okawaru.
Okawaru was greatly pleased with you.
You visited 6 branches of the dungeon, and saw 30 of its levels.

You collected 2553 gold pieces.
You spent 1551 gold pieces at shops.


Innate Abilities, Weirdness & Mutations

You are immune to sickness and miasma.
Your stone body is resilient. (AC +13)
You are immune to poison.
Your large and strong wings let you fly.
You resist negative energy. (rN+)
You are resistant to electric shocks. (rElec)
You are resistant to unholy torment.
You are immune to petrification.
You have supernaturally acute eyesight. (SInv)
You are strong-willed. (Will+)


   Skills:
 - Level 17.0(22.0) Fighting
 - Level 15.0(20.0) Axes
 - Level 9.0(14.0) Throwing
 - Level 16.0(21.0) Armour
 - Level 8.0(13.0) Dodging
 + Level 15.1(20.1) Shields
 - Level 10.1 Invocations


You had 17 spell levels left.
You didn't know any spells.
Your spell library was empty.

Inventory:

Hand Weapons
 l - the +9 hand axe of the Wraith (weapon) {vamp, rF- Str+3 Dex+4}
   (Okawaru gifted it to you on level 12 of the Dungeon)

   It occasionally heals its wielder for a portion of the damage dealt when it
   wounds a living foe.
   Str:       It affects your strength (+3).
   Dex:       It affects your dexterity (+4).
   rF:        It makes you vulnerable to fire.
 r - the +11 hand axe "Netittif" {elec, rN+ Will+ rCorr SInv}
   (Okawaru gifted it to you on level 3 of the Lair of Beasts)

   It occasionally discharges a powerful burst of electricity upon striking a
   foe.
   rN:        It protects you from negative energy.
   SInv:      It lets you see invisible.
   rCorr:     It protects you from acid and corrosion.
   Will:      It increases your willpower.
 G - a +1 broad axe of freezing
Missiles
 h - 6 silver boomerangs
 m - 13 boomerangs
 I - 3 javelins
 J - 2 silver javelins (quivered)
Armour
 b - a +2 helmet (worn)
 e - the +2 pair of gloves "Azacois" (worn) {rF+++ Dex+8 Stlth-}
   (Okawaru gifted it to you on level 5 of the Lair of Beasts)

   Dex:       It affects your dexterity (+8).
   rF:        It renders you almost immune to fire.
   Stlth:     It makes you less stealthy.
 k - the +3 plate armour of Melancholy (worn) {Contam +Blink rElec Slay+5}
   (You found it on level 13 of the Dungeon)

   Slay:      It affects your accuracy & damage with ranged weapons and melee
   (+5).
   rElec:     It insulates you from electricity.
   +Blink:    It lets you blink.
   Contam:    It causes magical contamination when unequipped.
 t - +0 acid dragon scales
 A - a +2 cloak (worn)
 B - a +2 pair of boots of rampaging (worn)
 D - a +0 kite shield of reflection (worn)
 H - the +1 pair of gloves "Udune" {rF+ rN+ Will+++ Dex-4}
   (Okawaru gifted it to you on level 2 of the Spider Nest)

   Dex:       It affects your dexterity (-4).
   rF:        It protects you from fire.
   rN:        It protects you from negative energy.
   Will:      It greatly increases your willpower.
Jewellery
 c - a +4 ring of protection (left hand)
 i - a +4 ring of slaying (right hand) {mikee}
 v - an amulet of reflection (around neck)
 x - the ring "Taface" {Fire SInv Stlth+}
   (You acquired it on level 5 of the Lair of Beasts)

   [ring of fire]

   It enhances your fire magic.
   rF:        It protects you from fire.
   rC:        It makes you vulnerable to cold.
   SInv:      It lets you see invisible.
   Stlth:     It makes you more stealthy.
 E - a ring of protection from cold
 Y - a ring of protection from cold
Scrolls
 a - 15 scrolls of teleportation
 g - 13 scrolls of identify
 w - 3 scrolls of brand weapon
 F - 3 scrolls of enchant weapon
Potions
 d - 6 potions of might
 f - 7 potions of haste
 j - 4 potions of magic
 n - 11 potions of heal wounds
 o - 5 potions of attraction
 p - 10 potions of mutation
 q - 9 potions of curing
 s - 2 potions of cancellation
 u - 3 potions of lignification
 C - a potion of resistance

Dungeon Overview and Level Annotations

Branches:
Dungeon (15/15)            Temple (1/1) D:4            Lair (5/5) D:9
  Swamp (4/4) Lair:3       Spider (3/4) Lair:2        Slime (0/5) Lair:4
    Orc (2/2) D:11            Elf (0/3) Orc:2        Vaults (0/5) D:13
 Depths (0/4) D:15

Altars:
Cheibriados
Elyvilon
Fedhas
Gozag
Hepliaklqana
Kikubaaqudgha
Makhleb
Nemelex Xobeh
Okawaru
Qazlal
Ru
Sif Muna
Trog
Uskayaw
Vehumet
Wu Jian
Xom
Yredelemnul
Zin
The Shining One

Shops:
D:9 ?[=   Orc:2 **??

Annotations:
D:2 Natasha
D:3 3 runed translucent doors, qw's ghost, amateur GrFi
D:7 2 transporters
D:15 3 runed translucent doors, AyAyRon's ghost, adept DsFi
Lair:4 1 runed translucent door
Swamp:1 1 runed translucent door, qw's ghost, adept GrFi


Message History

The 14-headed hydra zombie bites you but does no damage. x2
You block the swamp dragon skeleton's attack.
The swamp dragon skeleton claws you but does no damage.
The swamp dragon skeleton tramples you but does no damage.
A swamp dragon zombie comes into view.
You slice the vampire knight!!
You destroy the vampire knight!
Okawaru accepts your kill.
You hear a splash. x2
You slice the swamp dragon skeleton!!
You slice one of the 14-headed hydra zombie's heads off!
You slice the 13-headed hydra zombie!! You slash the swamp dragon zombie!
The swamp dragon zombie closely misses you.
The swamp dragon zombie completely misses you.
You block the swamp dragon zombie's attack.
You fracture the swamp dragon skeleton into splinters!!!
You destroy the swamp dragon skeleton!
Okawaru accepts your kill.
You hack one of the 13-headed hydra zombie's heads off!
You slice the 12-headed hydra zombie!! You slash the swamp dragon zombie!
You slice one of the seven-headed hydra simulacrum's heads off!
You slash the six-headed hydra simulacrum!
The briar patch crumbles away.
You chop one of the 12-headed hydra zombie's heads off!
You slice the 11-headed hydra zombie!!
The 11-headed hydra zombie is severely damaged.
You slash the swamp dragon zombie!
You slice one of the six-headed hydra simulacrum's heads off!
You slash the five-headed hydra simulacrum!
You block the 11-headed hydra zombie's attack.
The 11-headed hydra zombie bites you but does no damage.
The 11-headed hydra zombie bites you.
The 11-headed hydra zombie bites you but does no damage. x2
You block the 11-headed hydra zombie's attack.
The 11-headed hydra zombie bites you but does no damage. x3
The 11-headed hydra zombie completely misses you.
The 11-headed hydra zombie misses you.
The five-headed hydra simulacrum bites you.
The five-headed hydra simulacrum freezes you!!
You die...

..~~~~~~~¤~~..~~~77...~~~~~
~.~~~~~~~~~.~777~7.¤~~~~~~.
.~~%~~¤~.77777 77P~~~P~~~~.
~~~~~.~..7 777PP~~~~~~~~
~~.[.77777 77~..~~~~~~~~~
~~...77 7777~~..~~~~~~~~~
77...~77777~.#7...7#7~~~~~~
7~~~~.~~77.##7#.)#7 7~~~~~
77~~¤~.~~.7# #Z@)~# ~~~~
7.~~~~~~~77 7.~ZZ.# ~~
77777.~~7# #..~...~# 77~#7
7....~~¤.7 7.7 ~$~~~~~~..¤7
### #..7#.#777~~7 #Z# 7#
..7 .Z |.


You could see a five-headed hydra simulacrum (strong), 3 swamp dragon zombies
and a 11-headed hydra zombie (strong).

Vanquished Creatures
  Arachne (Spider:3)
  Jorgrun (Spider:3)
  Kirke (Spider:3)
  Frances (Spider:2)
  Agnes (Spider:3)
  4 thorn hunters (Swamp:4)
  Donald (Spider:1)
  Roxanne (D:14)
  3 emperor scorpions
  Aizul (Spider:1)
  2 ghost moths
  5 ghouls
  An orc warlord (Orc:2)
  5 broodmothers
  A vampire knight (Swamp:4)
  3 eleionomae
  2 spark wasps
  2 bunyips
  An entropy weaver (Spider:2)
  3 shambling mangroves
  Harold (D:10)
  8 hydras
  An ogre mage (D:15)
  2 spriggan air magi
  3 catoblepae (Lair:5)
  4 centaur warriors
  4 ghost crabs
  A jorogumo (Spider:1)
  4 boulder beetles
  8 alligators
  A tengu warrior (D:13)
  18 death yaks
  7 two-headed ogres
  4 orc high priests (Orc:2)
  A vampire mage (D:15)
  11 spriggans
  2 pharaoh ants
  2 skeletal warriors (D:15)
  2 goliath frogs
  6 spriggan druids
  A sun moth (Spider:2)
  3 steelbarb worms
  7 swamp dragons
  3 wizards (D:13)
  6 orb spiders
  A spectral hydra (Swamp:4)
  A spark wasp zombie (D:15)
  9 bog bodies
  5 orc knights
  14 wolf spiders
  5 orc sorcerers (Orc:2)
  A necromancer (D:15)
  11 ugly things
  2 deep elf pyromancers
  9 manticores
  2 will-o-the-wisps
  5 cyclopes
  A fire giant zombie (D:15)
  A moth of wrath (Spider:3)
  14 slime creatures
  A black mamba (Lair:3)
  10 elephants
  10 cane toads
  10 torpor snails
  A gargoyle (D:12)
  An unseen horror (D:13)
  4 rime drakes
  An efreet (D:14)
  8 demonic crawlers
  7 komodo dragons
  A tengu conjurer (D:13)
  A spriggan zombie (D:15)
  2 death drake zombies (Swamp:4)
  4 polar bears
  9 trolls
  19 tarantellas
  20 hornets
  20 blink frogs
  6 dream sheep (Lair:4)
  8 tyrant leeches
  Grinder (D:5)
  2 jumping spiders (shapeshifter)
  38 jumping spiders
  A centaur simulacrum (D:14)
  18 culicivoras
  A shadow (D:11)
  A culicivora (shapeshifter) (D:15)
  6 wyverns
  64 yaks
  A vampire (D:11)
  Eustachio (D:4)
  6 hogs (Spider:3)
  4 steam dragons
  5 basilisks
  A fire elemental (D:13)
  A redback (shapeshifter) (D:14)
  10 vampire mosquitoes
  58 redbacks
  3 acid dragons
  16 swamp worms
  4 wargs
  15 water moccasins
  2 hydra simulacra (Swamp:4)
  44 orc warriors
  6 swamp drakes
  3 ice beasts
  2 swamp dragon zombies (Swamp:4)
  3 black bears
  13 ogres
  14 centaurs
  2 swamp dragon skeletons (Swamp:4)
  5 wolves (Lair:5)
  A phantom (D:4)
  A kobold brigand (D:9)
  9 bullfrogs
  4 necrophages
  5 scorpions
  3 wights (D:7)
  A tengu zombie (D:15)
  7 howler monkeys
  3 electric eels
  A crimson imp (D:5)
  A jelly (D:4)
  34 orc priests
  4 hounds
  3 gnoll boudas
  Natasha (D:2)
  6 hell rats (Lair:5)
  23 orc wizards
  2 iguanas
  Robin (D:2)
  11 gnolls
  5 adders
  A white imp (D:3)
  3 ufetubi
  4 dart slugs
  109 orcs
  6 endoplasms
  4 giant cockroaches
  19 goblins
  8 hobgoblins
  7 kobolds
  2 quokkas
  8 ball pythons
  4 bats
  4 frilled lizards
  4 rats
  A spectral goblin (D:3)
  2 briar patches (Swamp:4)
  A butterfly (Lair:2)
1038 creatures vanquished.

Vanquished Creatures (others)
  Nessos (Lair:5)
  2 bloated husks
  2 jumping spiders
  A spriggan (Swamp:2)
  A yak (Lair:5)
  A redback (Spider:1)
  A swamp worm (Swamp:1)
  2 briar patches (Swamp:4)
  8 foxfires
  72 fungi
  80 plants
  4 toadstools (D:14)
  12 withered plants
187 creatures vanquished.

Grand Total: 1225 creatures vanquished

Notes
Turn   | Place    | Note
-------+----------+-------------------------------------------
     0 | D:1      | qw the Gargoyle Fighter began the quest for the Orb.
     0 | D:1      | Reached XP level 1. HP: 14/14 MP: 1/1
     0 | D:1      | 0 ||| qw: Version: 0.2-a-12-gaebbb33
     0 | D:1      | 0 ||| qw: Game counter: 1367
     0 | D:1      | 0 ||| qw: Always use a shield: true
     0 | D:1      | 0 ||| qw: God list: Okawaru
     0 | D:1      | 0 ||| qw: Allow faded altars: false
     0 | D:1      | 0 ||| qw: Do Orc after D:15 true
     0 | D:1      | 0 ||| qw: Do second Lair branch before Depths: true
     0 | D:1      | 0 ||| qw: Lair rune preference: random
     0 | D:1      | 0 ||| qw: Plans: Normal, Zot:1-4, God:TSO, Crypt, Tomb,
                  | Pan, Slime:5, Hells, Abyss, Orb
     0 | D:1      | 0 ||| PLANNING D:1-11
   181 | D:1      | 181 ||| Stepping ~*~*~tactically~*~*~ (stealth).
   199 | D:1      | 199 ||| Stepping ~*~*~tactically~*~*~ (stealth).
   238 | D:1      | Reached XP level 2. HP: 19/19 MP: 2/2
   247 | D:1      | 247 ||| Stepping ~*~*~tactically~*~*~ (stealth).
   250 | D:1      | 250 ||| Stepping ~*~*~tactically~*~*~ (stealth).
   273 | D:1      | 273 ||| Stepping ~*~*~tactically~*~*~ (stealth).
   590 | D:1      | Reached skill level 3 in Axes
   698 | D:1      | Reached XP level 3. HP: 23/23 MP: 3/3
   848 | D:1      | 848 ||| UPGRADING to +0 cloak.
   853 | D:1      | 853 ||| UPGRADING to +0 chain mail.
   863 | D:1      | 863 ||| DROPPING +0 scale mail.
   864 | D:1      | 864 ||| READING 2 scrolls labelled SOSUGH OMIP.
   868 | D:1      | 868 ||| READING 2 scrolls labelled VADWESS PYFAO.
   869 | D:1      | 869 ||| READING scroll labelled BEBLET KUUKI.
   870 | D:1      | 870 ||| DRINKING 2 sapphire potions.
   871 | D:1      | 871 ||| DROPPING potion of flight.
   872 | D:1      | 872 ||| DROPPING scroll of butterflies.
  1028 | D:2      | Noticed Robin
  1029 | D:2      | 1029 ||| Stepping ~*~*~tactically~*~*~ (stealth).
  1043 | D:2      | Killed Robin
  1045 | D:2      | Reached XP level 4. HP: 23/28 MP: 4/4
  1301 | D:2      | 1301 ||| DROPPING +4 hand axe.
  1355 | D:2      | Noticed Natasha
  1359 | D:2      | Killed Natasha
  1682 | D:2      | Noticed Natasha
  1683 | D:2      | 1683 ||| Stepping ~*~*~tactically~*~*~ (stealth).
  1703 | D:2      | 1703 ||| Stepping ~*~*~tactically~*~*~ (hiding).
  1964 | D:2      | 1964 ||| UPGRADING to +0 helmet.
  1969 | D:2      | 1969 ||| DRINKING 2 white potions.
  2067 | D:3      | Found a faded altar of an unknown god.
  2072 | D:3      | Reached XP level 5. HP: 32/32 MP: 5/5
  2155 | D:3      | 2155 ||| Stepping ~*~*~tactically~*~*~ (stealth).
  2173 | D:3      | 2173 ||| Stepping ~*~*~tactically~*~*~ (hiding).
  2185 | D:3      | 2185 ||| Stepping ~*~*~tactically~*~*~ (stealth).
  2213 | D:3      | 2213 ||| Stepping ~*~*~tactically~*~*~ (stealth).
  2215 | D:3      | 2215 ||| Stepping ~*~*~tactically~*~*~ (stealth).
  2225 | D:3      | Found a hide-covered altar of Uskayaw.
  2395 | D:3      | 2395 ||| DROPPING +0 whip.
  2482 | D:3      | Found a runed translucent door.
  2484 | D:3      | Noticed qw's ghost (amateur GrFi)
  2501 | D:3      | Found a large runed translucent door.
  2502 | D:3      | Found a large runed translucent door.
  2548 | D:3      | Found a blossoming altar of Fedhas.
  2646 | D:3      | Found a hazy altar of Hepliaklqana.
  2718 | D:3      | 2718 ||| READING scroll labelled XIULACRI WAEC.
  2771 | D:3      | 2771 ||| READING scroll labelled OCHAMO ASALECH.
  2820 | D:4      | 2820 ||| Stepping ~*~*~tactically~*~*~ (stealth).
  2823 | D:4      | 2823 ||| Stepping ~*~*~tactically~*~*~ (stealth).
  2824 | D:4      | 2824 ||| Stepping ~*~*~tactically~*~*~ (stealth).
  2832 | D:4      | Reached skill level 4 in Fighting
  2832 | D:4      | Reached XP level 6. HP: 23/38 MP: 6/6
  2904 | D:4      | 2904 ||| Stepping ~*~*~tactically~*~*~ (stealth).
  2905 | D:4      | 2905 ||| FLEEEEING.
  2907 | D:4      | 2907 ||| FLEEEEING.
  2908 | D:4      | 2908 ||| STAIRDANCE
  3018 | D:4      | Found a staircase to the Ecumenical Temple.
  3019 | D:4      | 3019 ||| PLANNING TEMPLE
  3023 | Temple   | Entered the Ecumenical Temple
  3024 | Temple   | 3024 ||| PLANNING D:1-11
  3084 | D:4      | Reached skill level 6 in Axes
  3186 | D:4      | Reached skill level 1 in Dodging
  3186 | D:4      | Reached XP level 7. HP: 43/43 MP: 7/7
  3271 | D:4      | Found an iron altar of Okawaru.
  3272 | D:4      | 3272 ||| PLANNING OKAWARU WORSHIP
  3272 | D:4      | 3272 ||| UPGRADING to +0 plate armour.
  3282 | D:4      | 3282 ||| DROPPING +0 chain mail.
  3283 | D:4      | 3283 ||| UPGRADING to +6 ring of dexterity.
  3284 | D:4      | 3284 ||| READING scroll labelled DOK RETHUINOSE.
  3285 | D:4      | 3285 ||| READING scroll labelled DARHO WEEMP.
  3286 | D:4      | 3286 ||| READING scroll labelled CEUXYTW QETOA.
  3287 | D:4      | 3287 ||| READING scroll labelled HIR RUGRIG.
  3295 | D:4      | Became a worshipper of Warmaster Okawaru
  3296 | D:4      | 3296 ||| PLANNING D:1-11
  3313 | D:4      | Found an ancient bone altar of Kikubaaqudgha.
  3495 | D:4      | Found a glowing silver altar of Zin.
  3586 | D:4      | 3586 ||| READING scroll labelled MIENLA FOMAF.
  3611 | D:4      | 3611 ||| STAIRDANCE
  3615 | D:4      | 3615 ||| STAIRDANCE
  3619 | D:4      | 3619 ||| STAIRDANCE
  3623 | D:4      | 3623 ||| STAIRDANCE
  3627 | D:4      | 3627 ||| STAIRDANCE
  3631 | D:4      | 3631 ||| STAIRDANCE
  3635 | D:4      | 3635 ||| STAIRDANCE
  3639 | D:4      | 3639 ||| STAIRDANCE
  3643 | D:4      | 3643 ||| STAIRDANCE
  3647 | D:4      | 3647 ||| STAIRDANCE
  3651 | D:4      | 3651 ||| STAIRDANCE
  3655 | D:4      | 3655 ||| STAIRDANCE
  3659 | D:4      | 3659 ||| STAIRDANCE
  3663 | D:4      | 3663 ||| STAIRDANCE
  3667 | D:4      | 3667 ||| STAIRDANCE
  3671 | D:4      | 3671 ||| STAIRDANCE
  3675 | D:4      | 3675 ||| STAIRDANCE
  3679 | D:4      | 3679 ||| STAIRDANCE
  3683 | D:4      | 3683 ||| STAIRDANCE
  3837 | D:5      | Entered Level 5 of the Dungeon
  3852 | D:5      | Noticed Eustachio
  3853 | D:5      | 3853 ||| FLEEEEING.
  3854 | D:5      | 3854 ||| STAIRDANCE
  3931 | D:5      | 3931 ||| STAIRDANCE
  3935 | D:5      | 3935 ||| STAIRDANCE
  3946 | D:5      | 3946 ||| STAIRDANCE
  3959 | D:4      | Killed Eustachio
  3959 | D:4      | Reached * piety under Okawaru
  3960 | D:4      | Reached XP level 8. HP: 44/48 MP: 8/8
  3996 | D:5      | Found a shimmering altar of Xom.
  4017 | D:5      | Found an opulent altar of Gozag.
  4028 | D:5      | Noticed Grinder
  4029 | D:5      | 4029 ||| Stepping ~*~*~tactically~*~*~ (hiding).
  4031 | D:5      | 4031 ||| Stepping ~*~*~tactically~*~*~ (hiding).
  4032 | D:5      | 4032 ||| INVOKING Heroism.
  4042 | D:5      | Killed Grinder
  4125 | D:5      | Found a burning altar of Makhleb.
  4126 | D:5      | Found a radiant altar of Vehumet.
  4146 | D:5      | Reached skill level 5 in Fighting
  4188 | D:5      | 4188 ||| INVOKING Heroism.
  4342 | D:5      | Found a glowing golden altar of the Shining One.
  4342 | D:5      | Found a bloodstained altar of Trog.
  4361 | D:5      | Found an ornate altar of the Wu Jian Council.
  4593 | D:5      | 4593 ||| INVOKING Heroism.
  4596 | D:5      | Reached skill level 1 in Throwing
  4596 | D:5      | Reached skill level 3 in Invocations
  4759 | D:5      | 4759 ||| DRINKING 3 sedimented grey potions.
  4759 | D:5      | Gained mutation: You are frail. (-10% HP) [potion of
                  | mutation]
  4759 | D:5      | Gained mutation: Your flesh is heat resistant. (rF+)
                  | [potion of mutation]
  4760 | D:5      | 4760 ||| DRINKING 2 potions of mutation.
  4760 | D:5      | Lost mutation: You are frail. (-10% HP) [potion of
                  | mutation]
  4760 | D:5      | Lost mutation: Your flesh is heat resistant. (rF+) [potion
                  | of mutation]
  4760 | D:5      | Gained mutation: You are strong-willed. (Will+) [potion of
                  | mutation]
  4760 | D:5      | Gained mutation: You have supernaturally acute eyesight.
                  | (SInv) [potion of mutation]
  4791 | D:5      | 4791 ||| READING 3 scrolls of identify.
  4791 | D:5      | 4791 ||| IDENTIFYING fizzy orange potion
  4792 | D:5      | 4792 ||| READING 2 scrolls of identify.
  4792 | D:5      | 4792 ||| IDENTIFYING bubbling brown potion
  4793 | D:5      | 4793 ||| DROPPING potion of ambrosia.
  4949 | D:6      | 4949 ||| Stepping ~*~*~tactically~*~*~ (hiding).
  4955 | D:6      | 4955 ||| INVOKING Heroism.
  5198 | D:6      | Found a shimmering blue altar of Sif Muna.
  5222 | D:6      | Reached ** piety under Okawaru
  5347 | D:6      | 5347 ||| INVOKING Heroism.
  5361 | D:6      | Reached XP level 9. HP: 49/54 MP: 10/12
  5681 | D:6      | 5681 ||| UPGRADING to +4 ring of slaying {mikee}.
  5682 | D:6      | 5682 ||| READING 2 scrolls labelled SEDDOFR GITE.
  5783 | D:6      | 5783 ||| READING scroll labelled FYCIPP HAUZXAO.
  5784 | D:6      | 5784 ||| DRINKING 2 ruby potions.
  5785 | D:6      | 5785 ||| DRINKING 2 purple potions.
  5826 | D:6      | 5826 ||| DROPPING potion of brilliance.
  5827 | D:6      | 5827 ||| DROPPING scroll of silence.
  5910 | D:7      | Reached skill level 6 in Fighting
  6080 | D:7      | Found a transporter.
  6096 | D:7      | Found a transporter.
  6205 | D:7      | 6205 ||| INVOKING Heroism.
  6267 | D:7      | 6267 ||| Stepping ~*~*~tactically~*~*~ (stealth).
  6286 | D:7      | 6286 ||| INVOKING Heroism.
  6706 | D:7      | 6706 ||| UPGRADING to +0 pair of gloves.
  6711 | D:7      | 6711 ||| DRINKING 2 metallic brown potions.
  6712 | D:7      | 6712 ||| DRINKING 2 bubbling white potions.
  6816 | D:7      | 6816 ||| READING 2 scrolls of identify.
  6816 | D:7      | 6816 ||| IDENTIFYING murky orange potion
  6817 | D:7      | 6817 ||| DROPPING potion of invisibility.
  6818 | D:7      | 6818 ||| DROPPING potion of berserk rage.
  6868 | D:8      | 6868 ||| Stepping ~*~*~tactically~*~*~ (hiding).
  6869 | D:8      | 6869 ||| Stepping ~*~*~tactically~*~*~ (hiding).
  6871 | D:8      | 6871 ||| INVOKING Heroism.
  6879 | D:8      | 6879 ||| Stepping ~*~*~tactically~*~*~ (cloud).
  6888 | D:8      | 6888 ||| FLEEEEING.
  6889 | D:8      | 6889 ||| FLEEEEING.
  6907 | D:8      | Reached skill level 6 in Armour
  7083 | D:8      | 7083 ||| DROPPING +0 flail.
  7142 | D:8      | Reached skill level 9 in Axes
  7188 | D:8      | 7188 ||| INVOKING Heroism.
  7298 | D:8      | 7298 ||| READING scroll of enchant armour.
  7298 | D:8      | 7298 ||| ENCHANTING +0 pair of gloves.
  7562 | D:8      | Found a snail-covered altar of Cheibriados.
  7562 | D:8      | Found a stormy altar of Qazlal.
  7709 | D:8      | 7709 ||| DRINKING 2 murky grey potions.
  7759 | D:9      | Noticed a two-headed ogre
  7760 | D:9      | 7760 ||| INVOKING Heroism.
  7768 | D:9      | Killed a two-headed ogre
  7768 | D:9      | Reached *** piety under Okawaru
  7769 | D:9      | Reached XP level 10. HP: 60/60 MP: 11/13
  7936 | D:9      | Found a white marble altar of Elyvilon.
  7939 | D:9      | 7939 ||| Stepping ~*~*~tactically~*~*~ (stealth).
  7952 | D:9      | 7952 ||| INVOKING Heroism.
  7956 | D:9      | Reached skill level 7 in Fighting
  7960 | D:9      | Reached **** piety under Okawaru
  8071 | D:9      | 8071 ||| READING scroll of enchant armour.
  8071 | D:9      | 8071 ||| ENCHANTING +1 pair of gloves.
  8107 | D:9      | 8107 ||| SWAPPING to +0 broad axe.
  8111 | D:9      | 8111 ||| INVOKING Heroism.
  8124 | D:9      | 8124 ||| DROPPING +0 war axe of protection.
  8151 | D:9      | 8151 ||| Stepping ~*~*~tactically~*~*~ (stealth).
  8160 | D:9      | 8160 ||| INVOKING Heroism.
  8176 | D:9      | Reached skill level 6 in Invocations
  8183 | D:9      | 8183 ||| INVOKING Heroism.
  8365 | D:9      | Found a staircase to the Lair.
  8409 | D:9      | 8409 ||| READING scroll of enchant armour.
  8409 | D:9      | 8409 ||| ENCHANTING +0 helmet.
  8440 | D:9      | 8440 ||| Stepping ~*~*~tactically~*~*~ (hiding).
  8444 | D:9      | 8444 ||| INVOKING Heroism.
  8642 | D:9      | Found Soakess's Magic Scroll Boutique.
  8642 | D:9      | Found Vecafe's Jewellery Emporium.
  8645 | D:9      | Found Zakhumm's Armour Shop.
  8650 | D:9      | 8650 ||| BUYING scroll of enchant armour (97 gold).
  8650 | D:9      | Bought a scroll of enchant armour for 97 gold pieces
  8650 | D:9      | 8650 ||| BUYING scroll of enchant weapon (97 gold).
  8650 | D:9      | Bought a scroll of enchant weapon for 97 gold pieces
  8650 | D:9      | 8650 ||| BUYING scroll of identify (26 gold).
  8650 | D:9      | Bought a scroll of identify for 26 gold pieces
  8650 | D:9      | 8650 ||| BUYING scroll of identify (26 gold).
  8650 | D:9      | Bought a scroll of identify for 26 gold pieces
  8650 | D:9      | 8650 ||| BUYING scroll of teleportation (39 gold).
  8650 | D:9      | Bought a scroll of teleportation for 39 gold pieces
  8650 | D:9      | 8650 ||| READING scroll of enchant armour.
  8650 | D:9      | 8650 ||| ENCHANTING +1 helmet.
  8651 | D:9      | 8651 ||| READING scroll of enchant weapon.
  8651 | D:9      | 8651 ||| ENCHANTING +0 broad axe.
  8654 | D:9      | 8654 ||| SHOPLISTING +1 leather armour of Elygg {-Tele
                  | Will- rCorr Dex+8} (352 gold, have 188).
  8673 | D:9      | 8673 ||| SHOPLISTING +4 ring of protection (540 gold, have
                  | 188).
  8673 | D:9      | 8673 ||| SHOPLISTING +6 ring of strength (540 gold, have
                  | 188).
  8673 | D:9      | 8673 ||| SHOPLISTING ring of protection from cold (375
                  | gold, have 188).
  8673 | D:9      | 8673 ||| SHOPLISTING ring of resist corrosion (300 gold,
                  | have 188).
  8673 | D:9      | 8673 ||| SHOPLISTING ring of the Voivode {Ice Dex+4} (606
                  | gold, have 188).
  8879 | D:9      | 8879 ||| PLANNING LAIR
  8879 | D:9      | 8879 ||| DROPPING ring of magical power.
  8880 | D:9      | 8880 ||| READING scroll labelled QISUESAOST.
  8881 | D:9      | 8881 ||| READING 4 scrolls of identify.
  8881 | D:9      | 8881 ||| IDENTIFYING fuming sapphire potion
  8882 | D:9      | 8882 ||| READING 3 scrolls of identify.
  8882 | D:9      | 8882 ||| IDENTIFYING red potion
  8883 | D:9      | 8883 ||| DROPPING potion of degeneration.
  8928 | Lair:1   | Entered Level 1 of the Lair of Beasts
  8928 | Lair:1   | Noticed a boulder beetle
  8929 | Lair:1   | 8929 ||| INVOKING Heroism.
  8945 | Lair:1   | Killed a boulder beetle
  8945 | Lair:1   | Reached ***** piety under Okawaru
  8946 | Lair:1   | Reached XP level 11. HP: 61/68 MP: 16/16
  8994 | Lair:1   | 8994 ||| Stepping ~*~*~tactically~*~*~ (stealth).
  8996 | Lair:1   | 8996 ||| Stepping ~*~*~tactically~*~*~ (stealth).
  9007 | Lair:1   | Reached skill level 8 in Fighting
  9064 | Lair:1   | 9064 ||| READING scroll of enchant weapon.
  9064 | Lair:1   | 9064 ||| ENCHANTING +1 broad axe.
  9078 | Lair:1   | 9078 ||| INVOKING Heroism.
  9187 | Lair:1   | 9187 ||| INVOKING Heroism.
  9297 | Lair:1   | 9297 ||| INVOKING Heroism.
  9316 | Lair:1   | Reached skill level 9 in Invocations
  9322 | Lair:1   | Received a gift from Okawaru
  9363 | Lair:1   | 9363 ||| Stepping ~*~*~tactically~*~*~ (stealth).
  9368 | Lair:1   | 9368 ||| Stepping ~*~*~tactically~*~*~ (stealth).
  9370 | Lair:1   | 9370 ||| Stepping ~*~*~tactically~*~*~ (stealth).
  9372 | Lair:1   | 9372 ||| INVOKING Heroism.
  9821 | Lair:1   | 9821 ||| UPGRADING to amulet of reflection.
  9826 | Lair:1   | 9826 ||| READING scroll labelled HIETTU NAOMAEQ.
  9962 | Lair:2   | 9962 ||| Stepping ~*~*~tactically~*~*~ (hiding).
  9963 | Lair:2   | 9963 ||| INVOKING Heroism.
 10065 | Lair:2   | 10065 ||| INVOKING Heroism.
 10145 | Lair:2   | Found a hole to the Spider Nest.
 10145 | Lair:2   | Noticed a wolf spider
 10146 | Lair:2   | 10146 ||| INVOKING Heroism.
 10157 | Lair:2   | Killed a wolf spider
 10211 | Lair:2   | 10211 ||| INVOKING Heroism.
 10316 | Lair:2   | 10316 ||| INVOKING Heroism.
 10319 | Lair:2   | 10319 ||| Stepping ~*~*~tactically~*~*~ (stealth).
 10392 | Lair:2   | Reached XP level 12. HP: 70/74 MP: 19/19
 10539 | Lair:2   | Noticed a death yak
 10539 | Lair:2   | 10539 ||| Stepping ~*~*~tactically~*~*~ (stealth).
 10543 | Lair:2   | 10543 ||| INVOKING Heroism.
 10549 | Lair:2   | 10549 ||| INVOKING Finesse.
 10557 | Lair:2   | Reached skill level 9 in Fighting
 10568 | Lair:2   | Killed a death yak
 10708 | Lair:2   | 10708 ||| INVOKING Heroism.
 10995 | Lair:2   | 10995 ||| READING scroll labelled UCREOF QUYTT.
 11037 | Lair:3   | 11037 ||| INVOKING Heroism.
 11098 | Lair:3   | 11098 ||| Stepping ~*~*~tactically~*~*~ (stealth).
 11100 | Lair:3   | 11100 ||| Stepping ~*~*~tactically~*~*~ (hiding).
 11103 | Lair:3   | 11103 ||| INVOKING Heroism.
 11140 | Lair:3   | 11140 ||| Stepping ~*~*~tactically~*~*~ (stealth).
 11142 | Lair:3   | 11142 ||| Stepping ~*~*~tactically~*~*~ (hiding).
 11146 | Lair:3   | 11146 ||| INVOKING Heroism.
 11150 | Lair:3   | Reached skill level 12 in Axes
 11235 | Lair:3   | 11235 ||| INVOKING Heroism.
 11237 | Lair:3   | 11237 ||| Stepping ~*~*~tactically~*~*~ (hiding).
 11251 | Lair:3   | 11251 ||| Stepping ~*~*~tactically~*~*~ (hiding).
 11273 | Lair:3   | Reached skill level 9 in Armour
 11399 | Lair:3   | Found a staircase to the Swamp.
 11501 | Lair:3   | 11501 ||| INVOKING Heroism.
 11529 | Lair:3   | Reached skill level 6 in Shields
 11609 | Lair:3   | 11609 ||| INVOKING Heroism.
 11614 | Lair:3   | Identified the +11 hand axe "Netittif" {elec, rN+ Will+
                  | rCorr SInv} (Okawaru gifted it to you on level 3 of the
                  | Lair of Beasts)
 11614 | Lair:3   | Received a gift from Okawaru
 11675 | Lair:3   | 11675 ||| Stepping ~*~*~tactically~*~*~ (hiding).
 11678 | Lair:3   | 11678 ||| INVOKING Heroism.
 11679 | Lair:3   | 11679 ||| Stepping randomly (cloudy).
 11877 | Lair:3   | Noticed a death yak
 11878 | Lair:3   | 11878 ||| INVOKING Heroism.
 11878 | Lair:3   | Noticed a death yak
 11879 | Lair:3   | 11879 ||| Stepping ~*~*~tactically~*~*~ (stealth).
 11881 | Lair:3   | 11881 ||| INVOKING Finesse.
 11895 | Lair:3   | Killed a death yak
 11896 | Lair:3   | Reached skill level 10 in Fighting
 11953 | Lair:3   | Noticed a death yak
 11953 | Lair:3   | Noticed a death yak
 11953 | Lair:3   | Noticed a death yak
 11954 | Lair:3   | 11954 ||| Stepping ~*~*~tactically~*~*~ (stealth).
 11955 | Lair:3   | Noticed a death yak
 11956 | Lair:3   | 11956 ||| Stepping ~*~*~tactically~*~*~ (stealth).
 11957 | Lair:3   | 11957 ||| INVOKING Heroism.
 11958 | Lair:3   | 11958 ||| INVOKING Finesse.
 11967 | Lair:3   | Killed a death yak
 11970 | Lair:3   | Killed a death yak
 11984 | Lair:3   | Killed a death yak
 11987 | Lair:3   | Killed a death yak
 11992 | Lair:3   | Killed a death yak
 11993 | Lair:3   | Reached XP level 13. HP: 55/82 MP: 14/20
 12232 | Lair:4   | 12232 ||| Stepping ~*~*~tactically~*~*~ (stealth).
 12233 | Lair:4   | 12233 ||| INVOKING Heroism.
 12234 | Lair:4   | 12234 ||| Stepping ~*~*~tactically~*~*~ (stealth).
 12275 | Lair:4   | 12275 ||| INVOKING Finesse.
 12276 | Lair:4   | 12276 ||| SWAPPING to +0 morningstar.
 12279 | Lair:4   | Received a gift from Okawaru
 12287 | Lair:4   | 12287 ||| SWAPPING to +2 broad axe.
 12291 | Lair:4   | 12291 ||| Stepping ~*~*~tactically~*~*~ (hiding).
 12304 | Lair:4   | 12304 ||| Stepping ~*~*~tactically~*~*~ (cloud).
 12312 | Lair:4   | 12312 ||| Stepping ~*~*~tactically~*~*~ (hiding).
 12316 | Lair:4   | 12316 ||| INVOKING Heroism.
 12578 | Lair:4   | 12578 ||| INVOKING Heroism.
 12586 | Lair:4   | Reached skill level 3 in Throwing
 12627 | Lair:4   | Found a runed translucent door.
 12628 | Lair:4   | 12628 ||| Stepping ~*~*~tactically~*~*~ (stealth).
 12629 | Lair:4   | 12629 ||| Stepping ~*~*~tactically~*~*~ (stealth).
 12666 | Lair:4   | 12666 ||| Stepping ~*~*~tactically~*~*~ (hiding).
 12684 | Lair:4   | 12684 ||| Stepping ~*~*~tactically~*~*~ (stealth).
 12690 | Lair:4   | 12690 ||| Stepping ~*~*~tactically~*~*~ (stealth).
 12747 | Lair:4   | Noticed an acid blob
 12748 | Lair:4   | Noticed an acid blob
 12755 | Lair:4   | Found a staircase to the Slime Pits.
 12755 | Lair:4   | Noticed an acid blob
 12810 | Lair:4   | 12810 ||| Stepping ~*~*~tactically~*~*~ (stealth).
 13067 | Lair:4   | 13067 ||| Stepping ~*~*~tactically~*~*~ (stealth).
 13069 | Lair:4   | 13069 ||| INVOKING Heroism.
 13195 | Lair:4   | 13195 ||| UPGRADING to +1 cloak.
 13205 | Lair:4   | 13205 ||| DROPPING +0 cloak.
 13206 | Lair:4   | 13206 ||| DROPPING ring of wizardry.
 13207 | Lair:4   | 13207 ||| READING scroll labelled KON GECVENOUVO.
 13221 | Lair:5   | Entered Level 5 of the Lair of Beasts
 13325 | Lair:5   | 13325 ||| INVOKING Heroism.
 13458 | Lair:5   | 13458 ||| INVOKING Heroism.
 13551 | Lair:5   | 13551 ||| INVOKING Heroism.
 13552 | Lair:5   | 13552 ||| INVOKING Finesse.
 13627 | Lair:5   | 13627 ||| INVOKING Heroism.
 13628 | Lair:5   | 13628 ||| INVOKING Finesse.
 13690 | Lair:5   | 13690 ||| INVOKING Heroism.
 13694 | Lair:5   | 13694 ||| INVOKING Finesse.
 13727 | Lair:5   | Identified the +2 pair of gloves "Azacois" {rF+++ Dex+8
                  | Stlth-} (Okawaru gifted it to you on level 5 of the Lair of
                  | Beasts)
 13727 | Lair:5   | Received a gift from Okawaru
 13881 | Lair:5   | 13881 ||| INVOKING Heroism.
 13882 | Lair:5   | 13882 ||| INVOKING Finesse.
 13892 | Lair:5   | 13892 ||| Stepping ~*~*~tactically~*~*~ (stealth).
 13893 | Lair:5   | 13893 ||| Stepping ~*~*~tactically~*~*~ (stealth).
 13894 | Lair:5   | 13894 ||| Stepping ~*~*~tactically~*~*~ (stealth).
 13903 | Lair:5   | 13903 ||| Stepping ~*~*~tactically~*~*~ (stealth).
 13904 | Lair:5   | 13904 ||| Stepping ~*~*~tactically~*~*~ (stealth).
 13921 | Lair:5   | 13921 ||| Stepping ~*~*~tactically~*~*~ (stealth).
 13922 | Lair:5   | 13922 ||| Stepping ~*~*~tactically~*~*~ (stealth).
 13982 | Lair:5   | 13982 ||| INVOKING Heroism.
 13983 | Lair:5   | 13983 ||| INVOKING Finesse.
 14038 | Lair:5   | Identified the +11 halberd of Youthful Indiscretion
                  | {vorpal, rC++ Will+}
 14066 | Lair:5   | Identified a scroll of acquirement
 14076 | Lair:5   | 14076 ||| READING scroll of acquirement.
 14076 | Lair:5   | 14076 ||| ACQUIRING ring "Taface" {Fire SInv Stlth+}
 14076 | Lair:5   | Acquired the ring "Taface" {Fire SInv Stlth+}
 14092 | Lair:5   | 14092 ||| INVOKING Heroism.
 14097 | Lair:5   | Reached skill level 11 in Fighting
 14174 | Lair:5   | 14174 ||| INVOKING Heroism.
 14175 | Lair:5   | 14175 ||| INVOKING Finesse.
 14186 | Lair:5   | Gained mutation: Your large and strong wings let you fly.
                  | [Gargoyle growth]
 14186 | Lair:5   | Reached XP level 14. HP: 90/90 MP: 14/21
 14236 | Lair:5   | 14236 ||| DROPPING +0 morningstar.
 14317 | Lair:5   | 14317 ||| Stepping ~*~*~tactically~*~*~ (stealth).
 14319 | Lair:5   | 14319 ||| INVOKING Heroism.
 14344 | Lair:5   | 14344 ||| INVOKING Finesse.
 14344 | Lair:5   | Noticed Nessos
 14345 | Lair:5   | 14345 ||| INVOKING Heroism.
 14354 | Lair:5   | Reached skill level 6 in Throwing
 14379 | Lair:5   | 14379 ||| INVOKING Finesse.
 14387 | Lair:5   | Killed Nessos
 14696 | Lair:5   | 14696 ||| Stepping ~*~*~tactically~*~*~ (stealth).
 14700 | Lair:5   | 14700 ||| Stepping ~*~*~tactically~*~*~ (stealth).
 14703 | Lair:5   | 14703 ||| INVOKING Heroism.
 14719 | Lair:5   | 14719 ||| Stepping ~*~*~tactically~*~*~ (stealth).
 14831 | Lair:5   | 14831 ||| Stepping ~*~*~tactically~*~*~ (stealth).
 14837 | Lair:5   | Reached skill level 15 in Axes
 14839 | Lair:5   | 14839 ||| INVOKING Heroism.
 14937 | Lair:5   | 14937 ||| INVOKING Heroism.
 15122 | Lair:5   | 15122 ||| PLANNING D:1-11
 15122 | Lair:5   | 15122 ||| UPGRADING to +2 pair of gloves "Azacois" {rF+++
                  | Dex+8 Stlth-}.
 15132 | Lair:5   | 15132 ||| DROPPING +2 pair of gloves.
 15280 | D:10     | Entered Level 10 of the Dungeon
 15316 | D:10     | 15316 ||| Stepping ~*~*~tactically~*~*~ (stealth).
 15322 | D:10     | 15322 ||| INVOKING Heroism.
 15422 | D:10     | 15422 ||| Stepping ~*~*~tactically~*~*~ (stealth).
 15510 | D:10     | Noticed Harold
 15511 | D:10     | 15511 ||| Stepping ~*~*~tactically~*~*~ (hiding).
 15524 | D:10     | Killed Harold
 15526 | D:10     | 15526 ||| FLEEEEING.
 15528 | D:10     | 15528 ||| FLEEEEING.
 15529 | D:10     | 15529 ||| FLEEEEING.
 15530 | D:10     | 15530 ||| FLEEEEING.
 15531 | D:10     | 15531 ||| FLEEEEING.
 15532 | D:10     | 15532 ||| FLEEEEING.
 15533 | D:10     | 15533 ||| FLEEEEING.
 15534 | D:10     | 15534 ||| FLEEEEING.
 15535 | D:10     | 15535 ||| FLEEEEING.
 15589 | D:10     | 15589 ||| Stepping ~*~*~tactically~*~*~ (stealth).
 15591 | D:10     | 15591 ||| Stepping ~*~*~tactically~*~*~ (hiding).
 15598 | D:10     | 15598 ||| INVOKING Heroism.
 15685 | D:10     | Found a sparkling altar of Nemelex Xobeh.
 15836 | D:10     | Found a sacrificial altar of Ru.
 16099 | D:11     | 16099 ||| Stepping ~*~*~tactically~*~*~ (hiding).
 16104 | D:11     | 16104 ||| INVOKING Heroism.
 16195 | D:11     | 16195 ||| Stepping ~*~*~tactically~*~*~ (hiding).
 16209 | D:11     | 16209 ||| READING scroll of enchant armour.
 16209 | D:11     | 16209 ||| ENCHANTING +1 cloak.
 16217 | D:11     | Found a staircase to the Orcish Mines.
 16219 | D:11     | 16219 ||| READING scroll of enchant armour.
 16219 | D:11     | 16219 ||| ENCHANTING +0 plate armour.
 16543 | D:11     | 16543 ||| INVOKING Heroism.
 16544 | D:11     | 16544 ||| INVOKING Finesse.
 16813 | D:11     | 16813 ||| PLANNING D
 16813 | D:11     | 16813 ||| DROPPING amulet of regeneration.
 17001 | D:12     | 17001 ||| Stepping ~*~*~tactically~*~*~ (hiding).
 17068 | D:12     | 17068 ||| INVOKING Heroism.
 17119 | D:12     | Identified the +9 hand axe of the Wraith {vamp, rF- Str+3
                  | Dex+4} (Okawaru gifted it to you on level 12 of the
                  | Dungeon)
 17119 | D:12     | Received a gift from Okawaru
 17121 | D:12     | 17121 ||| SWAPPING to +9 hand axe of the Wraith {vamp, rF-
                  | Str+3 Dex+4}.
 17255 | D:12     | 17255 ||| INVOKING Heroism.
 17324 | D:12     | 17324 ||| Stepping ~*~*~tactically~*~*~ (hiding).
 17326 | D:12     | 17326 ||| Stepping ~*~*~tactically~*~*~ (hiding).
 17517 | D:12     | 17517 ||| Stepping ~*~*~tactically~*~*~ (stealth).
 17526 | D:12     | 17526 ||| READING scroll of enchant armour.
 17526 | D:12     | 17526 ||| ENCHANTING +1 plate armour.
 17733 | D:12     | 17733 ||| INVOKING Heroism.
 17940 | D:13     | Reached skill level 6 in Dodging
 17951 | D:13     | 17951 ||| DRINKING potion of cancellation.
 18060 | D:13     | Reached skill level 12 in Fighting
 18115 | D:13     | 18115 ||| Stepping ~*~*~tactically~*~*~ (stealth).
 18117 | D:13     | 18117 ||| Stepping ~*~*~tactically~*~*~ (stealth).
 18152 | D:13     | Identified the +3 plate armour of Melancholy {Contam +Blink
                  | rElec Slay+5}
 18220 | D:13     | 18220 ||| Stepping ~*~*~tactically~*~*~ (stealth).
 18224 | D:13     | Reached XP level 15. HP: 96/96 MP: 22/22
 18258 | D:13     | 18258 ||| INVOKING Heroism.
 18490 | D:13     | Found a gate to the Vaults.
 18491 | D:13     | 18491 ||| DROPPING +4 war axe.
 18698 | D:13     | 18698 ||| UPGRADING to +3 plate armour of Melancholy
                  | {Contam +Blink rElec Slay+5}.
 18708 | D:13     | 18708 ||| DROPPING +2 plate armour.
 18709 | D:13     | 18709 ||| DROPPING +4 scale mail of cold resistance.
 18771 | D:14     | Identified Roxanne's Almanac of the Rocks
 18771 | D:14     | Noticed Roxanne
 18772 | D:14     | 18772 ||| INVOKING Heroism.
 18773 | D:14     | 18773 ||| INVOKING Finesse.
 18802 | D:14     | Killed Roxanne
 19106 | D:14     | Found a glowing silver altar of Zin.
 19106 | D:14     | Found a glowing golden altar of the Shining One.
 19106 | D:14     | Found a white marble altar of Elyvilon.
 19142 | D:14     | 19142 ||| Stepping ~*~*~tactically~*~*~ (hiding).
 19323 | D:14     | 19323 ||| INVOKING Heroism.
 19324 | D:14     | 19324 ||| SWAPPING to +3 morningstar of freezing.
 19325 | D:14     | 19325 ||| INVOKING Finesse.
 19329 | D:14     | Received a gift from Okawaru
 19330 | D:14     | 19330 ||| SWAPPING to +9 hand axe of the Wraith {vamp, rF-
                  | Str+3 Dex+4}.
 19466 | D:14     | 19466 ||| INVOKING Heroism.
 19672 | D:15     | Entered Level 15 of the Dungeon
 19695 | D:15     | 19695 ||| Stepping ~*~*~tactically~*~*~ (hiding).
 19712 | D:15     | 19712 ||| Stepping ~*~*~tactically~*~*~ (stealth).
 19716 | D:15     | 19716 ||| Stepping ~*~*~tactically~*~*~ (hiding).
 19729 | D:15     | 19729 ||| INVOKING Heroism.
 19755 | D:15     | Noticed AyAyRon's ghost (adept DsFi)
 19768 | D:15     | 19768 ||| Stepping ~*~*~tactically~*~*~ (hiding).
 19773 | D:15     | Reached skill level 12 in Armour
 19828 | D:15     | 19828 ||| Stepping ~*~*~tactically~*~*~ (stealth).
 19830 | D:15     | 19830 ||| Stepping ~*~*~tactically~*~*~ (stealth).
 19831 | D:15     | 19831 ||| Stepping ~*~*~tactically~*~*~ (stealth).
 19833 | D:15     | 19833 ||| Stepping ~*~*~tactically~*~*~ (stealth).
 19846 | D:15     | 19846 ||| INVOKING Heroism.
 19945 | D:15     | 19945 ||| Stepping ~*~*~tactically~*~*~ (hiding).
 20112 | D:15     | 20112 ||| INVOKING Heroism.
 20146 | D:15     | 20146 ||| Stepping ~*~*~tactically~*~*~ (hiding).
 20148 | D:15     | Found a staircase to the Depths.
 20159 | D:15     | 20159 ||| INVOKING Heroism.
 20162 | D:15     | Reached skill level 13 in Fighting
 20183 | D:15     | Received a gift from Okawaru
 20218 | D:15     | Found a runed translucent gate.
 20218 | D:15     | Found a runed translucent gate.
 20218 | D:15     | Found a runed translucent gate.
 20274 | D:15     | 20274 ||| INVOKING Heroism.
 20336 | D:15     | 20336 ||| Stepping ~*~*~tactically~*~*~ (stealth).
 20340 | D:15     | 20340 ||| Stepping ~*~*~tactically~*~*~ (stealth).
 20342 | D:15     | 20342 ||| Stepping ~*~*~tactically~*~*~ (hiding).
 20343 | D:15     | 20343 ||| INVOKING Heroism.
 20363 | D:15     | Reached skill level 9 in Shields
 20479 | D:15     | 20479 ||| PLANNING ORC
 20479 | D:15     | 20479 ||| UPGRADING to +2 pair of boots of rampaging.
 20484 | D:15     | 20484 ||| READING 14 scrolls of identify.
 20484 | D:15     | 20484 ||| IDENTIFYING glowing grey potion
 20588 | Orc:1    | Entered Level 1 of the Orcish Mines
 20589 | Orc:1    | 20589 ||| INVOKING Heroism.
 20614 | Orc:1    | 20614 ||| Stepping ~*~*~tactically~*~*~ (hiding).
 20656 | Orc:1    | 20656 ||| INVOKING Heroism.
 20703 | Orc:1    | 20703 ||| Stepping ~*~*~tactically~*~*~ (hiding).
 20705 | Orc:1    | 20705 ||| Stepping ~*~*~tactically~*~*~ (hiding).
 20718 | Orc:1    | 20718 ||| Stepping ~*~*~tactically~*~*~ (hiding).
 20876 | Orc:2    | Entered Level 2 of the Orcish Mines
 20877 | Orc:2    | 20877 ||| INVOKING Heroism.
 20878 | Orc:2    | 20878 ||| STAIRDANCE
 20908 | Orc:2    | 20908 ||| INVOKING Heroism.
 20909 | Orc:2    | 20909 ||| STAIRDANCE
 20951 | Orc:2    | 20951 ||| Stepping ~*~*~tactically~*~*~ (stealth).
 20978 | Orc:2    | 20978 ||| Stepping ~*~*~tactically~*~*~ (stealth).
 21039 | Orc:2    | 21039 ||| Stepping ~*~*~tactically~*~*~ (stealth).
 21046 | Orc:2    | 21046 ||| Stepping ~*~*~tactically~*~*~ (stealth).
 21047 | Orc:2    | 21047 ||| Stepping ~*~*~tactically~*~*~ (stealth).
 21049 | Orc:2    | 21049 ||| INVOKING Heroism.
 21096 | Orc:2    | 21096 ||| Stepping ~*~*~tactically~*~*~ (hiding).
 21097 | Orc:2    | 21097 ||| Stepping ~*~*~tactically~*~*~ (hiding).
 21100 | Orc:2    | 21100 ||| Stepping ~*~*~tactically~*~*~ (hiding).
 21137 | Orc:2    | 21137 ||| Stepping ~*~*~tactically~*~*~ (stealth).
 21192 | Orc:2    | 21192 ||| Stepping ~*~*~tactically~*~*~ (hiding).
 21195 | Orc:2    | 21195 ||| INVOKING Heroism.
 21221 | Orc:2    | 21221 ||| INVOKING Heroism.
 21291 | Orc:2    | 21291 ||| INVOKING Heroism.
 21333 | Orc:2    | Found Qelelet's Assorted Antiques.
 21334 | Orc:2    | 21334 ||| INVOKING Heroism.
 21379 | Orc:2    | 21379 ||| BUYING pair of embroidered gloves (210 gold).
 21379 | Orc:2    | Bought a pair of embroidered gloves for 210 gold pieces
 21379 | Orc:2    | 21379 ||| BUYING potion of curing (84 gold).
 21379 | Orc:2    | Bought a potion of curing for 84 gold pieces
 21379 | Orc:2    | 21379 ||| BUYING scroll of brand weapon (266 gold).
 21379 | Orc:2    | Bought a scroll of brand weapon for 266 gold pieces
 21386 | Orc:2    | Found Helitas's Assorted Antiques.
 21395 | Orc:2    | 21395 ||| INVOKING Heroism.
 21413 | Orc:2    | 21413 ||| BUYING brass ring (110 gold).
 21413 | Orc:2    | Bought a brass ring for 110 gold pieces
 21413 | Orc:2    | 21413 ||| BUYING potion of heal wounds (110 gold).
 21413 | Orc:2    | Bought a potion of heal wounds for 110 gold pieces
 21413 | Orc:2    | 21413 ||| BUYING potion of heal wounds (110 gold).
 21413 | Orc:2    | Bought a potion of heal wounds for 110 gold pieces
 21413 | Orc:2    | 21413 ||| SHOPLISTING scroll of acquirement (1144 gold,
                  | have 533).
 21413 | Orc:2    | 21413 ||| BUYING scroll of enchant weapon (165 gold).
 21413 | Orc:2    | Bought a scroll of enchant weapon for 165 gold pieces
 21528 | Orc:2    | 21528 ||| INVOKING Heroism.
 21563 | Orc:2    | 21563 ||| Stepping ~*~*~tactically~*~*~ (hiding).
 21577 | Orc:2    | 21577 ||| Stepping ~*~*~tactically~*~*~ (hiding).
 21582 | Orc:2    | 21582 ||| INVOKING Heroism.
 21622 | Orc:2    | 21622 ||| Stepping ~*~*~tactically~*~*~ (hiding).
 21637 | Orc:2    | 21637 ||| INVOKING Heroism.
 21652 | Orc:2    | Noticed an orc warlord
 21653 | Orc:2    | 21653 ||| INVOKING Finesse.
 21674 | Orc:2    | Killed an orc warlord
 21675 | Orc:2    | 21675 ||| Stepping ~*~*~tactically~*~*~ (hiding).
 21690 | Orc:2    | 21690 ||| Stepping ~*~*~tactically~*~*~ (hiding).
 21969 | Orc:2    | 21969 ||| Stepping ~*~*~tactically~*~*~ (hiding).
 21992 | Orc:2    | 21992 ||| Stepping ~*~*~tactically~*~*~ (stealth).
 22006 | Orc:2    | 22006 ||| INVOKING Heroism.
 22007 | Orc:2    | Found Veyma's Magic Scroll Emporium.
 22017 | Orc:2    | Reached skill level 14 in Fighting
 22027 | Orc:2    | 22027 ||| BUYING scroll of teleportation (36 gold).
 22027 | Orc:2    | Bought a scroll of teleportation for 36 gold pieces
 22054 | Orc:2    | 22054 ||| Stepping ~*~*~tactically~*~*~ (hiding).
 22057 | Orc:2    | 22057 ||| Stepping ~*~*~tactically~*~*~ (hiding).
 22067 | Orc:2    | 22067 ||| INVOKING Heroism.
 22104 | Orc:2    | 22104 ||| INVOKING Heroism.
 22110 | Orc:2    | Found Buew's Magic Scroll Shop.
 22114 | Orc:2    | Reached XP level 16. HP: 106/106 MP: 21/23
 22132 | Orc:2    | 22132 ||| BUYING scroll of enchant weapon (97 gold).
 22132 | Orc:2    | Bought a scroll of enchant weapon for 97 gold pieces
 22132 | Orc:2    | 22132 ||| BUYING scroll of teleportation (39 gold).
 22132 | Orc:2    | Bought a scroll of teleportation for 39 gold pieces
 22132 | Orc:2    | 22132 ||| BUYING scroll of teleportation (39 gold).
 22132 | Orc:2    | Bought a scroll of teleportation for 39 gold pieces
 22215 | Orc:2    | 22215 ||| Stepping ~*~*~tactically~*~*~ (stealth).
 22226 | Orc:2    | Found a staircase to the Elven Halls.
 22264 | Orc:2    | 22264 ||| INVOKING Heroism.
 22331 | Orc:2    | 22331 ||| INVOKING Heroism.
 22524 | Orc:2    | 22524 ||| DROPPING +1 pair of gloves of strength.
 22525 | Orc:2    | 22525 ||| DROPPING ring of willpower.
 22558 | Orc:1    | 22558 ||| INVOKING Heroism.
 22663 | Orc:1    | 22663 ||| PLANNING SWAMP:1-3
 22877 | Swamp:1  | Entered Level 1 of the Swamp
 22878 | Swamp:1  | 22878 ||| INVOKING Heroism.
 22934 | Swamp:1  | 22934 ||| INVOKING Heroism.
 22949 | Swamp:1  | Found a runed translucent door.
 22949 | Swamp:1  | Noticed qw's ghost (adept GrFi)
 23094 | Swamp:1  | 23094 ||| INVOKING Heroism.
 23109 | Swamp:1  | Received a gift from Okawaru
 23285 | Swamp:1  | 23285 ||| INVOKING Heroism.
 23370 | Swamp:1  | 23370 ||| DROPPING +2 broad axe.
 23415 | Swamp:1  | 23415 ||| INVOKING Heroism.
 23424 | Swamp:1  | Received a gift from Okawaru
 23431 | Swamp:1  | 23431 ||| Stepping ~*~*~tactically~*~*~ (stealth).
 23439 | Swamp:1  | 23439 ||| Stepping ~*~*~tactically~*~*~ (stealth).
 23440 | Swamp:1  | 23440 ||| Stepping ~*~*~tactically~*~*~ (stealth).
 23446 | Swamp:1  | Found a frozen archway.
 23475 | Swamp:1  | 23475 ||| INVOKING Heroism.
 23958 | Swamp:1  | 23958 ||| SWAPPING to +3 morningstar of freezing.
 23961 | Swamp:1  | 23961 ||| Stepping ~*~*~tactically~*~*~ (cloud).
 23962 | Swamp:1  | 23962 ||| SWAPPING to +9 hand axe of the Wraith {vamp, rF-
                  | Str+3 Dex+4}.
 24058 | Swamp:1  | 24058 ||| UPGRADING to ring of protection from cold.
 24085 | Swamp:2  | 24085 ||| INVOKING Heroism.
 24092 | Swamp:2  | Received a gift from Okawaru
 24119 | Swamp:2  | 24119 ||| STAIRDANCE
 24178 | Swamp:2  | 24178 ||| INVOKING Heroism.
 24208 | Swamp:2  | 24208 ||| Stepping ~*~*~tactically~*~*~ (hiding).
 24209 | Swamp:2  | 24209 ||| Stepping ~*~*~tactically~*~*~ (hiding).
 24357 | Swamp:2  | 24357 ||| INVOKING Heroism.
 24362 | Swamp:2  | 24362 ||| SWAPPING to +3 morningstar of freezing.
 24368 | Swamp:2  | 24368 ||| SWAPPING to +9 hand axe of the Wraith {vamp, rF-
                  | Str+3 Dex+4}.
 24387 | Swamp:2  | 24387 ||| Stepping ~*~*~tactically~*~*~ (hiding).
 24697 | Swamp:2  | 24697 ||| Stepping ~*~*~tactically~*~*~ (stealth).
 24699 | Swamp:2  | 24699 ||| Stepping ~*~*~tactically~*~*~ (hiding).
 24946 | Swamp:2  | 24946 ||| Stepping ~*~*~tactically~*~*~ (hiding).
 25161 | Swamp:3  | 25161 ||| INVOKING Heroism.
 25162 | Swamp:3  | 25162 ||| INVOKING Finesse.
 25169 | Swamp:3  | Reached skill level 15 in Fighting
 25170 | Swamp:3  | 25170 ||| SWAPPING to +3 morningstar of freezing.
 25180 | Swamp:3  | 25180 ||| SWAPPING to +9 hand axe of the Wraith {vamp, rF-
                  | Str+3 Dex+4}.
 25234 | Swamp:3  | 25234 ||| Stepping ~*~*~tactically~*~*~ (hiding).
 25237 | Swamp:3  | 25237 ||| INVOKING Heroism.
 25270 | Swamp:3  | 25270 ||| INVOKING Heroism.
 25278 | Swamp:3  | Received a gift from Okawaru
 25313 | Swamp:3  | 25313 ||| Stepping ~*~*~tactically~*~*~ (hiding).
 25316 | Swamp:3  | 25316 ||| INVOKING Heroism.
 25393 | Swamp:3  | 25393 ||| Stepping ~*~*~tactically~*~*~ (hiding).
 25507 | Swamp:3  | 25507 ||| INVOKING Heroism.
 25571 | Swamp:3  | 25571 ||| INVOKING Heroism.
 25572 | Swamp:3  | 25572 ||| SWAPPING to +3 morningstar of freezing.
 25573 | Swamp:3  | 25573 ||| INVOKING Finesse.
 25577 | Swamp:3  | Reached skill level 15 in Armour
 25577 | Swamp:3  | 25577 ||| SWAPPING to +9 hand axe of the Wraith {vamp, rF-
                  | Str+3 Dex+4}.
 25646 | Swamp:3  | 25646 ||| Stepping ~*~*~tactically~*~*~ (hiding).
 25847 | Swamp:3  | 25847 ||| INVOKING Heroism.
 25861 | Swamp:3  | Reached XP level 17. HP: 113/113 MP: 22/24
 26065 | Swamp:3  | 26065 ||| Stepping ~*~*~tactically~*~*~ (hiding).
 26208 | Swamp:3  | 26208 ||| PLANNING SPIDER:1-3
 26310 | Spider:1 | Entered Level 1 of the Spider Nest
 26311 | Spider:1 | 26311 ||| INVOKING Heroism.
 26337 | Spider:1 | Noticed Aizul
 26338 | Spider:1 | 26338 ||| INVOKING Finesse.
 26357 | Spider:1 | Killed Aizul
 26370 | Spider:1 | Noticed Donald
 26390 | Spider:1 | Received a gift from Okawaru
 26410 | Spider:1 | Reached skill level 16 in Fighting
 26415 | Spider:1 | Received a gift from Okawaru
 26430 | Spider:1 | Killed Donald
 26777 | Spider:1 | 26777 ||| UPGRADING to +0 kite shield of reflection.
 26787 | Spider:1 | 26787 ||| DROPPING +0 buckler.
 26793 | Spider:2 | 26793 ||| Stepping ~*~*~tactically~*~*~ (hiding).
 26796 | Spider:2 | 26796 ||| INVOKING Finesse.
 26799 | Spider:2 | 26799 ||| INVOKING Heroism.
 26837 | Spider:2 | Noticed Frances
 26848 | Spider:2 | 26848 ||| INVOKING Heroism.
 26853 | Spider:2 | 26853 ||| DRINKING 11 potions of curing.
 26853 | Spider:2 | 26853 ||| (to cure confusion)
 26861 | Spider:2 | 26861 ||| INVOKING Finesse.
 26862 | Spider:2 | 26862 ||| DRINKING 10 potions of curing.
 26862 | Spider:2 | 26862 ||| (to cure confusion)
 26899 | Spider:2 | Killed Frances
 26928 | Spider:2 | 26928 ||| FLEEEEING.
 26935 | Spider:2 | 26935 ||| Stepping ~*~*~tactically~*~*~ (hiding).
 26936 | Spider:2 | 26936 ||| Stepping ~*~*~tactically~*~*~ (hiding).
 26937 | Spider:2 | 26937 ||| Stepping ~*~*~tactically~*~*~ (hiding).
 26958 | Spider:2 | 26958 ||| Stepping ~*~*~tactically~*~*~ (stealth).
 26965 | Spider:2 | 26965 ||| Stepping ~*~*~tactically~*~*~ (stealth).
 26966 | Spider:2 | 26966 ||| Stepping ~*~*~tactically~*~*~ (stealth).
 26969 | Spider:2 | 26969 ||| INVOKING Heroism.
 27016 | Spider:2 | 27016 ||| Stepping ~*~*~tactically~*~*~ (stealth).
 27086 | Spider:2 | 27086 ||| Stepping ~*~*~tactically~*~*~ (stealth).
 27094 | Spider:2 | Received a gift from Okawaru
 27106 | Spider:2 | 27106 ||| Stepping ~*~*~tactically~*~*~ (stealth).
 27114 | Spider:2 | 27114 ||| Stepping ~*~*~tactically~*~*~ (stealth).
 27115 | Spider:2 | 27115 ||| INVOKING Heroism.
 27119 | Spider:2 | 27119 ||| Stepping ~*~*~tactically~*~*~ (stealth).
 27120 | Spider:2 | 27120 ||| Stepping ~*~*~tactically~*~*~ (stealth).
 27132 | Spider:2 | 27132 ||| INVOKING Finesse.
 27215 | Spider:2 | 27215 ||| Stepping ~*~*~tactically~*~*~ (stealth).
 27219 | Spider:2 | 27219 ||| Stepping ~*~*~tactically~*~*~ (hiding).
 27228 | Spider:2 | Reached skill level 12 in Shields
 27228 | Spider:2 | 27228 ||| INVOKING Finesse.
 27266 | Spider:2 | 27266 ||| Stepping ~*~*~tactically~*~*~ (stealth).
 27279 | Spider:2 | 27279 ||| Stepping ~*~*~tactically~*~*~ (stealth).
 27419 | Spider:2 | 27419 ||| Stepping ~*~*~tactically~*~*~ (stealth).
 27423 | Spider:2 | 27423 ||| Stepping ~*~*~tactically~*~*~ (stealth).
 27431 | Spider:2 | 27431 ||| Stepping ~*~*~tactically~*~*~ (stealth).
 27435 | Spider:2 | 27435 ||| INVOKING Heroism.
 27557 | Spider:2 | 27557 ||| Stepping ~*~*~tactically~*~*~ (stealth).
 27558 | Spider:2 | 27558 ||| Stepping ~*~*~tactically~*~*~ (stealth).
 27568 | Spider:2 | Identified the +1 pair of gloves "Udune" {rF+ rN+ Will+++
                  | Dex-4} (Okawaru gifted it to you on level 2 of the Spider
                  | Nest)
 27568 | Spider:2 | Received a gift from Okawaru
 27830 | Spider:2 | 27830 ||| DROPPING ring of ice.
 27874 | Spider:3 | 27874 ||| Stepping ~*~*~tactically~*~*~ (stealth).
 27876 | Spider:3 | 27876 ||| Stepping ~*~*~tactically~*~*~ (hiding).
 27879 | Spider:3 | 27879 ||| INVOKING Heroism.
 27915 | Spider:3 | 27915 ||| Stepping ~*~*~tactically~*~*~ (stealth).
 27946 | Spider:3 | 27946 ||| INVOKING Heroism.
 27953 | Spider:3 | 27953 ||| INVOKING Finesse.
 28017 | Spider:3 | 28017 ||| Stepping ~*~*~tactically~*~*~ (stealth).
 28022 | Spider:3 | 28022 ||| INVOKING Heroism.
 28032 | Spider:3 | 28032 ||| Stepping ~*~*~tactically~*~*~ (hiding).
 28041 | Spider:3 | 28041 ||| INVOKING Finesse.
 28042 | Spider:3 | 28042 ||| INVOKING Finesse.
 28095 | Spider:3 | 28095 ||| Stepping ~*~*~tactically~*~*~ (stealth).
 28096 | Spider:3 | 28096 ||| Stepping ~*~*~tactically~*~*~ (stealth).
 28098 | Spider:3 | 28098 ||| Stepping ~*~*~tactically~*~*~ (stealth).
 28099 | Spider:3 | 28099 ||| Stepping ~*~*~tactically~*~*~ (stealth).
 28117 | Spider:3 | 28117 ||| INVOKING Heroism.
 28119 | Spider:3 | Reached XP level 18. HP: 115/120 MP: 22/25
 28138 | Spider:3 | 28138 ||| INVOKING Finesse.
 28149 | Spider:3 | 28149 ||| DROPPING +3 morningstar of freezing.
 28212 | Spider:3 | Noticed Kirke
 28213 | Spider:3 | 28213 ||| INVOKING Heroism.
 28214 | Spider:3 | 28214 ||| Stepping ~*~*~tactically~*~*~ (stealth).
 28232 | Spider:3 | Noticed Agnes
 28233 | Spider:3 | 28233 ||| INVOKING Finesse.
 28235 | Spider:3 | Killed Kirke
 28243 | Spider:3 | Killed Agnes
 28292 | Spider:3 | Noticed Jorgrun
 28303 | Spider:3 | 28303 ||| INVOKING Heroism.
 28311 | Spider:3 | Killed Jorgrun
 28350 | Spider:3 | Noticed Arachne
 28351 | Spider:3 | 28351 ||| INVOKING Finesse.
 28375 | Spider:3 | Killed Arachne
 28376 | Spider:3 | Reached skill level 15 in Shields
 28395 | Spider:3 | 28395 ||| INVOKING Heroism.
 28398 | Spider:3 | 28398 ||| INVOKING Finesse.
 28624 | Spider:3 | 28624 ||| PLANNING SWAMP:4
 28624 | Spider:3 | 28624 ||| UPGRADING to +4 ring of protection.
 28626 | Spider:3 | 28626 ||| DROPPING +6 ring of dexterity.
 28776 | Swamp:4  | Entered Level 4 of the Swamp
 28778 | Swamp:4  | 28778 ||| INVOKING Heroism.
 28789 | Swamp:4  | Reached skill level 9 in Throwing
 28893 | Swamp:4  | 28893 ||| INVOKING Heroism.
 28976 | Swamp:4  | 28976 ||| INVOKING Heroism.
 29011 | Swamp:4  | 29011 ||| Stepping ~*~*~tactically~*~*~ (stealth).
 29013 | Swamp:4  | 29013 ||| Stepping ~*~*~tactically~*~*~ (stealth).
 29014 | Swamp:4  | 29014 ||| Stepping ~*~*~tactically~*~*~ (stealth).
 29015 | Swamp:4  | 29015 ||| Stepping ~*~*~tactically~*~*~ (stealth).
 29071 | Swamp:4  | 29071 ||| INVOKING Heroism.
 29141 | Swamp:4  | 29141 ||| Stepping ~*~*~tactically~*~*~ (hiding).
 29146 | Swamp:4  | 29146 ||| INVOKING Heroism.
 29178 | Swamp:4  | Received a gift from Okawaru
 29179 | Swamp:4  | 29179 ||| INVOKING Finesse.
 29185 | Swamp:4  | Reached skill level 17 in Fighting
 29192 | Swamp:4  | HP: 25/123 [five-headed hydra simulacrum (6)]
 29192 | Swamp:4  | Slain by a five-headed hydra simulacrum

Levels and vault maps discovered:
D:1:      minmay_arrival_stair_chambers, layout_basic, minmay_close_crescents
D:2:      layout_basic, uniq_robin, uniq_natasha
D:3:      layout_rooms, nicolae_overflow_hidden_temple,
          nicolae_hepliaklqana_monster_ancestors, fedhas_ov_isle_minmay,
          jmf_multi_god_temple2, chequers_ecumenical_altar_grove,
          ebering_ghost_sewer_d, st_stairs_12
D:4:      layout_rooms, zin_statuary, kiku_gazebo_garden_becter,
          mainiacjoe_overflow_surrounded_room, minmay_temple_entry_steel_oval,
          minmay_mini_jars
D:5:      layout_cave_pools, grunt_temple_overflow_lords_of_destruction,
          lemuel_crystal_altar, mainiacjoe_overflow_alcove_1,
          mainiacjoe_overflow_cross_hatched,
          chequers_temple_overflow_statue_of_worship, kennysheep_small_square,
          uniq_eustachio, uniq_grinder
D:6:      layout_loops_cross, mainiacjoe_overflow_six_doors_small,
          chequers_avenue
D:7:      gammafunk_steamed_eel, layout_basic
D:8:      layout_loops_ring, gammafunk_temple_overflow_pools,
          minmay_misc_feat_plants
D:9:      layout_roguey, elyvilon_altar_5, due_lair_maze_entry_diamond,
          nicolae_wooded_promenade, minmay_misc_feat_tiny,
          amcnicky_mini_corridor_feature
D:10:     layout_basic, kennysheep_mini, nicolae_ru_path_of_blood, uniq_harold
D:11:     layout_loops_ring, david_orc_3
D:12:     layout_roguey
D:13:     cheibrodos_lost_city_excavation, layout_irregular_city, david_vaults_1
D:14:     layout_irregular_city, good_gods_mini_temple,
          minmay_gold_behind_fungi, grunt_decor_mini_mirrors, uniq_roxanne
D:15:     gammafunk_depths_entry_grave, layout_basic,
          maelrawn_ghost_gauntlet_escape
Temple:   ebering_the_one_and_only
Lair:1:   layout_gridlike
Lair:2:   layout_roguey, spider_nest_entry_funnel_web, serial_bayou_pond_c,
          gammafunk_lair_bear_cave, lemuel_fruit_fields
Lair:3:   layout_chaotic_city, nicolae_swamp_entry_splash_gauntlet
Lair:4:   layout_long_grid, slime_entry_2, chequers_serial_rivers_micro_b,
          guppyfry_lair_drakes
Lair:5:   evilmike_catoblepas_cave, layout_gridlike,
          infiniplex_staircase_pool_2, uniq_nessos
Swamp:1:  layout_basic_swamp, portal_ice_cave_entry_ugly_swarm,
          gammafunk_ghost_grave, evilmike_swamp_ruin_rubble_2, swamp_pool1,
          statue_in_the_mist_lemuel, nicolae_swamp_orc_logging_accident,
          infiniplex_staircase_pool
Swamp:2:  layout_falls_marsh, hangedman_swamp_ruin_wall, swamp_pool1
Swamp:3:  layout_basic_swamp, nicolae_swamp_dense_foliage
Swamp:4:  byrel_swamp_growth_death_and_undeath, layout_basic_swamp
Spider:1: layout_spider_delve, uniq_donald, uniq_aizul
Spider:2: layout_spider_delve, uniq_frances
Spider:3: layout_spider_delve, drop_trap, uniq_arachne, uniq_agnes, uniq_kirke,
          uniq_jorgrun
Orc:1:    layout_caves
Orc:2:    pubby_orc_utopia, serial_shops

Skill      XL: |  1  2  3  4  5  6  7  8  9 10 11 12 13 14 15 16 17 18 |
---------------+-------------------------------------------------------+-----
Axes           | 2 3 4 5 6 7 9 10 11 12 14 15 | 15.0
Fighting       | 4 5 6 7 8 10 11 12 14 15 16 17 | 17.0
Dodging        | 1 4 6 7 8 |  8.0
Armour         | 4 5 6 7 8 9 10 11 13 15 16 | 16.0
Invocations    | 4 7 10 | 10.1
Throwing       | 1 5 6 8 9 |  9.0
Shields        | 4 5 6 7 9 13 15 | 15.1

Action                   |  1- 3 |  4- 6 |  7- 9 | 10-12 | 13-15 | 16-18 || total
-------------------------+-------+-------+-------+-------+-------+-------++-------
Melee: War axe           |    82 |   109 |   248 |    25 |       |       ||   464
       Broad axe         |       |       |       |   379 |   515 |       ||   894
       Morningstar       |       |       |       |       |    13 |    15 ||    28
       Hand axe          |       |       |       |       |   578 |  1176 ||  1754
Throw: Boomerang         |    15 |    33 |    24 |    63 |    14 |    18 ||   167
       Javelin           |       |       |       |       |   154 |   109 ||   263
Invok: Heroism           |       |       |    10 |    26 |    51 |    37 ||   124
       Finesse           |       |       |       |     3 |    13 |    14 ||    30
  Use: Scroll            |     3 |     2 |    11 |    10 |     6 |       ||    32
       Potion            |     1 |     1 |     7 |       |     1 |     2 ||    12
Armor: Scale mail        |    29 |       |       |       |       |       ||    29
       Chain mail        |    18 |    88 |       |       |       |       ||   106
       Plate armour      |       |       |   147 |   186 |   297 |   625 ||  1255
Dodge: Dodged            |    37 |    37 |    62 |   122 |   268 |   475 ||  1001
Block: Buckler           |    10 |    22 |    58 |   135 |   418 |   295 ||   938
       Reflection        |       |       |       |     1 |    34 |     9 ||    44
       Kite shield       |       |       |       |       |       |   548 ||   548

Table legend:
 A = Non-vault XP
 B = Vault XP
 C = Vault XP percentage of total XP
 D = Non-vault monster count
 E = Vault monster count
 F = Vault count percentage of total count
                 A         B        C        D         E       F
            +---------+---------+-------+---------+---------+-------
      Total |  209513 |   81284 |  28.0 |     746 |     295 |  28.3
            +---------+---------+-------+---------+---------+-------
        D:1 |      32 |       4 |  11.1 |      19 |       4 |  17.4
        D:2 |      19 |      72 |  79.1 |       9 |      12 |  57.1
        D:3 |     141 |      14 |   9.0 |      17 |       4 |  19.0
        D:4 |     425 |     390 |  47.9 |      12 |      11 |  47.8
        D:5 |     239 |     535 |  69.1 |       8 |       5 |  38.5
        D:6 |     744 |       0 |   0.0 |      14 |       0 |   0.0
        D:7 |     623 |       0 |   0.0 |      15 |       0 |   0.0
        D:8 |     786 |       0 |   0.0 |      17 |       0 |   0.0
        D:9 |    3442 |    1193 |  25.7 |      24 |       8 |  25.0
       D:10 |    4159 |     884 |  17.5 |      28 |       1 |   3.4
       D:11 |    3659 |     255 |   6.5 |      11 |       8 |  42.1
       D:12 |    5185 |       0 |   0.0 |      27 |       0 |   0.0
       D:13 |    4139 |    3586 |  46.4 |      10 |       6 |  37.5
       D:14 |    4797 |    1319 |  21.6 |      13 |       1 |   7.1
       D:15 |   11845 |    4481 |  27.4 |      35 |       8 |  18.6
     Lair:1 |    5692 |       0 |   0.0 |      21 |       0 |   0.0
     Lair:2 |    5662 |    1749 |  23.6 |      22 |       6 |  21.4
     Lair:3 |    8413 |    2053 |  19.6 |      18 |       7 |  28.0
     Lair:4 |    8146 |     841 |   9.4 |      28 |       4 |  12.5
     Lair:5 |   14412 |   11708 |  44.8 |      50 |      24 |  32.4
    Swamp:1 |   13521 |    5583 |  29.2 |      24 |      10 |  29.4
    Swamp:2 |   12265 |       0 |   0.0 |      28 |       0 |   0.0
    Swamp:3 |   20720 |       0 |   0.0 |      32 |       0 |   0.0
    Swamp:4 |    9527 |   14952 |  61.1 |      20 |      25 |  55.6
   Spider:1 |   18432 |    2536 |  12.1 |      53 |       2 |   3.6
   Spider:2 |   24296 |    1499 |   5.8 |      68 |       1 |   1.4
   Spider:3 |   24678 |    8505 |  25.6 |      70 |      10 |  12.5
      Orc:1 |    3514 |     174 |   4.7 |      53 |      12 |  18.5
      Orc:2 |       0 |   18951 | 100.0 |       0 |     126 | 100.0
            +---------+---------+-------+---------+---------+-------
